 Dungeon Crawl Stone Soup version 0.22-a0-533-g4d20840 (webtiles) character file.

263 Amnesiac the Ducker (level 5, -4/28 HPs)
             Began as a Spriggan Berserker on June 22, 2018.
             Was a Priest of Trog.
             Slain by Prince Ribbit (17 damage)
             ... on level 5 of the Dungeon.
             The game lasted 00:03:50 (3748 turns).

Amnesiac the Ducker (Spriggan Berserker)            Turns: 3748, Time: 00:03:51

Health: -4/28      AC:  3    Str: 14    XL:     5   Next: 97%
Magic:  6/6        EV: 20    Int:  9    God:    Trog [***...]
Gold:   191        SH:  6    Dex: 17    Spells: 4/4 levels left

rFire    + . .     SeeInvis +   x - +2 dagger (venom)
rCold    . . .     Gourm    .   r - +0 buckler
rNeg     . . .     Faith    .   b - +0 animal skin
rPois    .         Spirit   .   (helmet restricted)
rElec    .         Reflect  .   l - +0 cloak
rCorr    .         Harm     .   (gloves unavailable)
MR       .....                  (boots unavailable)
Stlth    ++........             (no amulet)
HPRegen  0.09/turn              t - +2 ring of dexterity
MPRegen  0.10/turn              u - ring of protection from fire

@: very quick
A: very small, unfitting armour, see invisible, herbivore, speed 3, slow
metabolism 2
a: Berserk, Trog's Hand, Renounce Religion


You were on level 5 of the Dungeon.
You worshipped Trog.
Trog was most pleased with you.
You were hungry.

You visited 2 branches of the dungeon, and saw 6 of its levels.

You collected 191 gold pieces.

Inventory:

Hand Weapons
 x - a +2 dagger of venom (weapon)
Missiles
 j - 109 stones (quivered)
 k - 6 tomahawks
Armour
 b - a +0 animal skin (worn)
 l - a +0 cloak (worn)
 r - a +0 buckler (worn)
Jewellery
 t - a +2 ring of dexterity (left hand)
 u - a ring of protection from fire (right hand)
 E - an uncursed ring of ice
Wands
 y - a wand of disintegration (11)
Scrolls
 a - 2 scrolls of fog {!r, unknown}
 e - a scroll of amnesia {!r, unknown}
 g - a scroll of random uselessness {!r, unknown}
 h - 4 scrolls of identify {!r, unknown}
 m - a scroll of enchant armour {!r, unknown}
 o - 3 scrolls of fear {!r, unknown}
 p - a scroll of remove curse {!r, unknown}
 s - 2 scrolls of teleportation {!r, unknown}
 A - a scroll of magic mapping {!r, unknown}
 B - a scroll of blinking {!r, unknown}
 D - a scroll of immolation {!r, unknown}
Potions
 d - 3 potions of curing {!q, unknown}
 f - 2 potions of mutation {!q, unknown}
 i - 2 potions of agility {!q, unknown}
 n - a potion of lignification {!q, unknown}
 q - a potion of resistance {!q, unknown}
 v - a potion of berserk rage {!q, unknown}
 w - a potion of cancellation {!q, unknown}
 z - 2 potions of ambrosia {!q, unknown}
 C - 2 potions of haste {!q, unknown}
 F - 2 potions of might {!q, unknown}
 G - a potion of invisibility {!q, unknown}
Comestibles
 c - 7 rations


   Skills:
 + Level 3.2 Fighting
 * Level 5.1 Short Blades
 + Level 2.0 Throwing
 + Level 5.7 Dodging
 + Level 0.8 Shields
 + Level 1.2 Evocations


You had 4 spell levels left.
You didn't know any spells.
Your spell library contained the following spells:

 Spells                   Type           Power        Failure   Level  Hunger
 Magic Dart               Conj           #...         54%         1    ##.....


Dungeon Overview and Level Annotations

Branches:
Dungeon (5/15)             Temple (1/1) D:5

Altars:
Ashenzari
Dithmenos
Fedhas
Gozag
Hepliaklqana
Kikubaaqudgha
Nemelex Xobeh
Okawaru
Ru
Sif Muna
Trog
Uskayaw
Vehumet
Wu Jian
Yredelemnul

Shops:
D:5 :

Annotations:
D:5 Prince Ribbit


Innate Abilities, Weirdness & Mutations

You are very small and have problems with some larger weapons.
You are too small for most types of armour.
You have supernaturally acute eyesight. (SInv)
You are a herbivore.
You cover ground extremely quickly.
You need to consume almost no food.


Message History

F - a metallic brown potion {!q}
There is an entrance to Siuck's Book Boutique here.
Put on which piece of jewellery? (? for menu, Esc to quit)
You're wearing all the rings you can.
Remove which one? (? for menu, Esc to cancel) < or
t - a +2 ring of dexterity; > or
u - a ring of protection from fire You remove your +2 ring of dexterity.
You feel clumsy.
You feel more attuned to ice.
E - a ring of ice (left hand) Put on which piece of jewellery? (? for menu, Esc to quit)
You're wearing all the rings you can.
Remove which one? (? for menu, Esc to cancel) < or
E - a ring of ice; > or
u - a ring of protection from fire You remove your ring of ice.
You feel agile.
t - a +2 ring of dexterity (left hand)
Found a stone staircase leading up.
No target in view!
Found a stone staircase leading up.
No target in view!
G - a lumpy black potion {!q} No target in view!
c - 7 rations (gained 1)
Found a stone staircase leading down.
No target in view!
You now have 191 gold pieces (gained 14).
There is a stone staircase leading down here.
F - 2 metallic brown potions {!q} (gained 1) Key pressed, stopping explore.
No target in view!
There is a stone staircase leading up here.
Prince Ribbit comes into view.
Prince Ribbit is nearby!
Prince Ribbit hits you but does no damage.
You miss Prince Ribbit.
Prince Ribbit hits you but does no damage.
You hit Prince Ribbit.
Prince Ribbit is poisoned.
Prince Ribbit is lightly wounded.
You block Prince Ribbit's attack.
You barely miss Prince Ribbit.
Prince Ribbit is lightly wounded.
Prince Ribbit blinks!
You swing at nothing.
Prince Ribbit hits you.
Your shield prevents you from hitting Prince Ribbit.
Prince Ribbit is lightly wounded.
Prince Ribbit misses you.
You completely miss Prince Ribbit.
Prince Ribbit is lightly wounded.
You are feeling hungry.
You block Prince Ribbit's attack.
You closely miss Prince Ribbit.
Prince Ribbit is lightly wounded.
Prince Ribbit blinks!
Prince Ribbit blinks!
You barely miss Prince Ribbit.
Prince Ribbit is lightly wounded.
Prince Ribbit hits you!
* * * LOW HITPOINT WARNING * * *
You hit Prince Ribbit.
Prince Ribbit looks even sicker.
Prince Ribbit is moderately wounded.
Prince Ribbit hits you!
Ouch! That really hurt!
You die...

#.##.# #...§..###..#
#.##.# #...........#
#.##.###.......##.##
#######
#.........###.###.#
....<.#
####.###..###.# #.#
#####.# #.# #.......
..# #.# #.#
#.§###.##### #.#
#.###..###.#
##.######....@.....#
#.............F#####
#...........§..#
#.##############
####.# .....# ######


You could see Prince Ribbit.

Vanquished Creatures
  An orc priest (D:4)
  A hound (D:4)
  Ijyb (D:4)
  A worker ant (D:5)
  2 gnolls (D:4)
  4 adders
  An ooze (D:1)
  An adder skeleton (D:5)
  9 dart slugs
  3 leopard geckos
  4 orcs (D:4)
  4 giant cockroaches
  7 goblins
  7 hobgoblins
  A ball python (D:1)
  8 bats
  6 frilled lizards
  6 kobolds
  A quokka skeleton (D:4)
  10 rats
78 creatures vanquished.

Vanquished Creatures (others)
  4 toadstools (D:1)
4 creatures vanquished.

Grand Total: 82 creatures vanquished

Notes
Turn   | Place    | Note
-------+----------+-------------------------------------------
     0 | D:1      | Amnesiac the Spriggan Berserker began the quest for the Orb.
     0 | D:1      | Reached XP level 1. HP: 11/11 MP: 2/2
   244 | D:1      | Reached XP level 2. HP: 14/16 MP: 3/3
   392 | D:1      | Reached skill level 1 in Throwing
   430 | D:1      | Reached ** piety under Trog
   430 | D:1      | Reached XP level 3. HP: 19/19 MP: 4/4
   945 | D:2      | Reached skill level 5 in Dodging
  1035 | D:2      | Found an ornate altar of the Wu Jian Council.
  1036 | D:2      | Found a radiant altar of Vehumet.
  1054 | D:2      | Identified Vehumet's Grimoire of Combat Magic
  1057 | D:2      | Found an ancient bone altar of Kikubaaqudgha.
  1058 | D:2      | Found a deep blue altar of Sif Muna.
  1466 | D:2      | Reached XP level 4. HP: 20/23 MP: 5/5
  1991 | D:3      | Found an iron altar of Okawaru.
  2295 | D:3      | Reached *** piety under Trog
  2511 | D:4      | Noticed Ijyb
  2522 | D:4      | Killed Ijyb
  2575 | D:4      | Reached XP level 5. HP: 28/28 MP: 6/6
  2706 | D:4      | Reached skill level 5 in Short Blades
  2766 | D:4      | Reached skill level 1 in Evocations
  3152 | D:4      | Found an opulent altar of Gozag.
  3238 | D:5      | Entered Level 5 of the Dungeon
  3389 | D:5      | Found a staircase to the Ecumenical Temple.
  3398 | Temple   | Entered the Ecumenical Temple
  3515 | D:5      | Found Siuck's Book Boutique.
  3733 | D:5      | Noticed Prince Ribbit
  3748 | D:5      | Slain by Prince Ribbit

Vault maps used:
D:1:      ldierk_walled_garden_2, dk_noncrumbling_3, amethyst_killhole
D:2:      grunt_temple_overflow_magic_moments, nicolae_overflow_hidden_temple,
          minmay_misc_feat_pillars
D:3:      okawaru_gym_becter
D:4:      grunt_gozag_breadcrumbs, uniq_ijyb
D:5:      minmay_temple_entry_purple_smoke, serial_shops,
          nicolae_shop_waterfront, first_ration, uniq_prince_ribbit1
Temple:   dpeg_three_leaves_temple

Skill      XL: |  1  2  3  4  5 |
---------------+----------------+-----
Throwing       | 1 2 |  2.0
Short Blades   | 4 5 |  5.1
Dodging        | 5 |  5.7
Fighting       | 3 |  3.2
Evocations     | 1 |  1.2
Shields        | |  0.8

Action                   |  1- 3 |  4- 6 || total
-------------------------+-------+-------++-------
Melee: Short sword       |   169 |    53 ||   222
       Dagger            |       |    80 ||    80
 Stab: Sleeping          |     4 |       ||     4
Armor: Animal skin       |    10 |     9 ||    19
Dodge: Dodged            |   136 |    67 ||   203
Block: Buckler           |       |    21 ||    21

Table legend:
 A = Spawn XP
 B = Non-spawn XP
 C = Spawn XP percentage of total XP
 D = Spawn monster count
 E = Non-spawn monster count
 F = Spawn count percentage of total count
 G = Total turns spent on level
                    A         B        C        D         E        F      G
               +---------+---------+-------+---------+---------+-------+---------
         Total |       0 |     376 |   0.0 |       0 |      78 |   0.0 |  3748
               +---------+---------+-------+---------+---------+-------+---------
           D:1 |       0 |      61 |   0.0 |       0 |      29 |   0.0 |   929
           D:2 |       0 |      40 |   0.0 |       0 |      23 |   0.0 |   729
           D:3 |       0 |      58 |   0.0 |       0 |      11 |   0.0 |   853
           D:4 |       0 |     179 |   0.0 |       0 |      13 |   0.0 |   727
           D:5 |       0 |      38 |   0.0 |       0 |       2 |   0.0 |   446
               +---------+---------+-------+---------+---------+-------+---------
